Myrtis, chaotic male elven Priest ---------- ####################.....<...| ----- ------ |........| |)..| |....| |........| ------------ ##....| |.{..| #.._......| |.......>..| # |...| ......#####-------.-- #...........|##[########|.|..# -|-.-- # ###|..........|# # ---.-# ### # # -|----------* # %# # ### ############## ### #### # # # # # --.-- -.--|--- -----------# ### ### ### |....######### |..[...| |......@..@# # # # |..>| # |......| |.........| %## ----------.- ##....| ##.......| |.........| # |..........|# ----- |......| |.......... |...........# -------- |.........| |..........| ----------- ------------ Myrtis the Acolyte Experience level: 4 Strength: 15 Dexterity: 10 Constitution: 14 Intelligence: 10 Wisdom: 20 Charisma: 7 Health: 0(36) Energy: 62(62) Def: 3 Gold: 312 Moves: 1682 Dungeon seed: ia8S3NykvUQvbtnB Game ID: Myrtis_1615662754 Your Inventory: Coins $ - 312 gold pieces Weapons a - a blessed +1 mace (weapon in hand) k - a +0 flail o - a blessed +0 elven dagger p - 13 +0 darts E - a +0 sling F - 9 +0 arrows G - 13 cursed -4 darts Armor e - a +0 robe (being worn) n - a +0 small shield (being worn) q - a +0 scale mail Comestibles c - 2 cloves of garlic d - a sprig of wolfsbane Scrolls t - a scroll of blank paper D - a scroll of blank paper Spellbooks f - a spellbook of healing g - a spellbook of cure blindness Potions b - 4 potions of holy water Tools h - a leather drum l - a +0 pick-axe (alternate weapon; not wielded) r - a blindfold Spells and supernatural/magical abilities: Name Level Category Fail Memory h - healing 1 healing 0% 92% B - cure blindness 2 healing 5% 92% W - pray for help -- divine ? -- X - turn undead -- divine ? -- Your skills at the end: Fighting Skills Weapon Skills mace [Basic] Spellcasting Skills clerical spells [Basic] Final Attributes: You were piously aligned. You were sleep resistant. You were hallucinating. You had infravision. You are dead. Vanquished creatures: a kitten 3 acid blobs a gas spore 2 hobbits 2 manes a hobgoblin a giant rat a green mold 6 garter snakes a gecko a jackal 2 kobolds 2 goblins 2 sewer rats 7 grid bugs 3 lichens 2 kobold zombies 2 newts and a partridge in a pear tree 40 creatures vanquished. Voluntary challenges: You were an atheist. You used a wielded weapon 37 times, starting on turn 45. You read items or engraved 1 time, starting on turn 1312. You never genocided any monsters. You never polymorphed an object. You never changed form. You used no wishes. You never split a pudding. You never wrote Elbereth's name. You never violated your personal moral code. Dungeon overview: The Dungeons of Doom: levels 1 to 4 Level 1 a long staircase Level 2 Level 3 a scroll shop Level 4 <- You were here an altar to Venus, a fountain a long staircase History has recorded: On T:1 you entered the Dungeons of Doom to retrieve the Amulet of Yendor! On T:541 you advanced to experience level 2. On T:596 you reached level 2 of The Dungeons of Doom. On T:933 you reached level 3 of The Dungeons of Doom. On T:1080 you advanced to experience level 3. On T:1342 you reached level 4 of The Dungeons of Doom. On T:1518 you advanced to experience level 4. Score breakdown: Gold: 312 ( 8488 points) Experience: 4 levels ( 9649 points) Exploration: 4 levels ( 7.84%) ( 7348 points) Discoveries: 5 items ( 1.75%) ( 3966 points) Valuables value: (no points given unless you survive) Artifact value: 0 ( 0 points) Variety of kills: 18 monsters ( 4.72%) ( 6520 points) Turncount: 1682 turns ( 0 points) Survival: died (score multiplied by 80%) Total score: 28776 Latest messages: There isn't space to move around the boulder. You see here 25 gold pieces. $ - 25 gold pieces. There is a staircase down here. A vampire bat blocks your way. You miss the baby silver dragon. You stagger... You hit the xan. You attack thin air. (2x) Sparks fly as you whack the wall. You attack thin air. You feel less wobbly now. You miss the ogre. You stagger... You feel less wobbly now. You see here 35 gold pieces. $ - 35 gold pieces. You stop running. The red naga hatchling zaps a long wand! The wand hits you! The cylon zaps a wand of striking! You stop running. The wand misses you. The sewer rat zaps a wand of striking! The wand hits you! You die... Final status: Goodbye Myrtis the Priest, killed by a wand... You died in The Dungeons of Doom on dungeon level 4 with 28776 points, and 312 pieces of gold, after 1682 moves. You were level 4 with a maximum of 36 hit points when you died.